AoeStats
← RIO1000

Nomad

505737328Analyzed
4v4 RM · 22d ago on Sep 10, 2026· 74m 14s· 8 players
Game mode
Random Map
Map size
231×231
Population
200
Speed
Normal
Resources
Standard
Victory
Conquest
Starting age
Dark Age
Ending age
Imperial Age
RankedLock teamsTeams togetherTeam positionsShared explorationLock speedFull tech treeHidden civsTurbo modeCheats
Victory
Defeat
🇵🇪 Vikings · Peru
1124
+15
🇺🇸 Wei · United States
1102
+16
🇩🇪 Teutons · Germany
993
+20
🇩🇪 Japanese · Germany
976
+21
🇵🇱 Slavs · Poland
1133
-20
🇨🇳 Dravidians · China
1102
-18
🇦🇹 Koreans · Austria
1065
-17
🇲🇽 Poles · Mexico
1057
-17
[OIDA] NoTradeBeforeImp
4:51 Loom
13:59 Feudal Age
14:34 Fishing Lines
15:03 Town Watch
19:35 Castle Age
18:19 Stone Mining
18:25 Double-Bit Axe
19:59 Wheelbarrow
20:10 Gillnets
20:51 Bow Saw
22:30 Fletching
24:19 Eupseong
27:07 Bodkin Arrow
28:09 Medium Warships
29:47 Ballistics
29:24 Murder Holes
29:35 Siphons
29:41 Masonry
29:44 Careening
29:50 Clinker Construction
31:40 Gold Mining
32:41 Hand Cart
32:27 Town Patrol
37:31 Imperial Age
36:00 Scale Mail Armor
36:11 Forging
36:04 Squires
35:49 Arson
37:19 Pikeman
40:35 Gold Shaft Mining
41:19 Heavy Warships
41:39 Bracer
41:35 Arrowslits
42:21 Architecture
42:20 Elite Fire Lancer
44:51 Chain Mail Armor
45:12 Iron Casting
46:50 Chemistry
56:40 Treadmill Crane
张维为
16:26 Feudal Age
20:28 Castle Age
18:15 Double-Bit Axe
19:45 Fishing Lines
22:26 Bow Saw
23:29 Medium Warships
23:37 Gold Mining
28:38 Wheelbarrow
31:14 Imperial Age
29:52 Crossbowman
30:39 Thumb Ring
32:04 Fletching
32:14 Padded Archer Armor
32:56 Hand Cart
32:26 Town Watch
34:52 Chemistry
34:42 Arbalester
36:31 Ballistics
38:06 Bodkin Arrow
40:14 Bracer
40:31 Leather Archer Armor
55:44 Light Cavalry
56:26 Husbandry
56:31 Scale Mail Armor
56:38 Scale Barding Armor
56:44 Forging
57:05 Ring Archer Armor
58:04 Two-Man Saw
57:28 Forging
57:41 Chain Barding Armor
58:48 Iron Casting
58:55 Iron Casting
64:48 Gillnets
mnich_bor
5:05 Loom
14:34 Feudal Age
15:06 Man-at-Arms
18:21 Fletching
21:54 Scale Mail Armor
24:12 Horse Collar
26:43 Castle Age
27:37 Horse Collar
28:41 Gold Mining
28:52 Bodkin Arrow
32:08 Imperial Age
31:00 Gold Shaft Mining
30:16 Stone Mining
30:28 Heavy Plow
30:25 Pikeman
31:06 Squires
30:28 Long Swordsman
31:27 Chain Mail Armor
31:23 Forging
33:03 Double-Bit Axe
34:06 Plate Mail Armor
35:15 Druzhina
35:54 Iron Casting
37:01 Bow Saw
38:18 Blast Furnace
37:51 Bodkin Arrow
37:30 Crossbowman
40:44 Two-Man Saw
40:17 Crop Rotation
42:30 Detinets
42:41 Scale Barding Armor
43:29 Wheelbarrow
44:37 Chain Barding Armor
44:25 Elite Boyar
45:59 Plate Barding Armor
45:51 Conscription
46:35 Chemistry
45:55 Ballistics
48:03 Hand Cart
51:31 Two-Handed Swordsman
51:32 Halberdier
55:46 Champion
65:36 Padded Archer Armor
RIO1000
5:43 Loom
16:07 Feudal Age
16:34 Double-Bit Axe
16:45 Town Watch
18:52 Horse Collar
19:18 Stone Mining
24:04 Castle Age
26:05 Wheelbarrow
25:22 Gold Mining
25:45 Bow Saw
26:12 Fletching
26:38 Heavy Plow
29:50 Town Watch
32:16 Stone Shaft Mining
38:28 Imperial Age
37:10 Szlachta Privileges
40:15 Hand Cart
42:53 Cavalier
44:44 Bloodlines
45:02 Husbandry
53:11 Scale Barding Armor
53:37 Forging
Jeanne d'Arc
4:35 Loom
16:03 Feudal Age
20:41 Castle Age
19:24 Double-Bit Axe
19:23 Horse Collar
19:38 Gold Mining
19:57 Stone Mining
21:57 Wheelbarrow
21:49 Heavy Plow
23:20 Gold Shaft Mining
23:29 Bow Saw
31:20 Imperial Age
30:47 Elite Skirmisher
32:29 Ballistics
33:29 Hand Cart
34:51 Two-Man Saw
34:02 Scale Mail Armor
33:38 Pikeman
39:47 Elite Samurai
42:34 Kataparuto
44:40 Padded Archer Armor
44:31 Fletching
44:57 Chain Mail Armor
50:33 Conscription
56:20 Halberdier
57:00 Squires
56:46 Arson
ButterMyHead
5:28 Loom
12:51 Feudal Age
19:57 Castle Age
18:42 Stone Mining
19:21 Horse Collar
20:16 Double-Bit Axe
26:20 Wheelbarrow
30:10 Bow Saw
34:58 Imperial Age
33:18 Elite Skirmisher
35:27 Hand Cart
36:22 Gold Mining
36:26 Crossbowman
38:13 Pikeman
39:22 Squires
40:13 Forging
43:04 Stone Shaft Mining
45:33 Two-Man Saw
45:28 Bloodlines
44:38 Cavalier
49:37 Iron Casting
48:53 Fletching
49:08 Halberdier
50:46 Town Watch
52:25 Blast Furnace
52:52 Scale Mail Armor
52:48 Bodkin Arrow
54:28 Chain Mail Armor
56:20 Heavy Plow
57:35 Scale Barding Armor
60:05 Chain Barding Armor
59:31 Paladin
61:52 Paladin
66:59 Paladin
68:16 Capped Ram
tracter3515
5:21 Loom
19:16 Feudal Age
20:52 Wheelbarrow
20:11 Fishing Lines
24:00 Double-Bit Axe
28:58 Castle Age
27:20 Gold Mining
30:52 Fletching
31:48 Forging
31:44 Scale Barding Armor
32:11 Bodkin Arrow
33:52 Gillnets
34:22 Medium Warships
36:01 Hand Cart
35:58 Padded Archer Armor
45:30 Leather Archer Armor
57:50 Demolition Ship
65:36 Imperial Age
Azom
5:04 Loom
15:43 Feudal Age
16:12 Double-Bit Axe
17:53 Town Watch
20:37 Castle Age
19:19 Gold Mining
18:53 Man-at-Arms
19:23 Fishing Lines
20:14 Scale Mail Armor
21:19 Forging
21:11 Long Swordsman
23:58 Chain Mail Armor
23:35 Gambesons
25:46 Stone Mining
27:23 Squires
29:01 Fletching
42:26 Imperial Age
41:54 Horse Collar
43:07 Bow Saw
42:59 Heavy Plow
42:31 Capped Ram
44:31 Plate Mail Armor
45:18 Bodkin Arrow
45:53 Town Patrol
47:10 Iron Casting
48:10 Siege Ram
49:22 Conscription
49:49 Chieftains
50:34 Padded Archer Armor
50:51 Elite Skirmisher
51:47 Leather Archer Armor
52:06 Bracer
53:00 Ring Archer Armor
53:16 Ballistics
54:34 Masonry
55:21 Elite Berserk
57:03 Blast Furnace
57:24 Crop Rotation
56:42 Treadmill Crane
57:32 Architecture
58:23 Gold Shaft Mining
61:10 Murder Holes
62:16 Chemistry
63:30 Hoardings
Connection lost

Rejoining the realm…

Still unreachable

The connection could not be restored.

Session expired

The server has moved on; the page needs a fresh start.